 Dungeon Crawl Stone Soup version 0.29-a0-506-ga2e7fffb44 (webtiles) character file.

Game seed: 14141057620910096673

1416 dolemite99 the Cleaver (level 8, -11/58 HPs)
             Began as a Demonspawn Fighter on May 28, 2022.
             Was an Initiate of Gozag.
             Mangled by an ogre
             ... wielding a +0 giant spiked club
              (25 damage)
             ... on level 6 of the Dungeon.
             The game lasted 00:06:38 (7763 turns).

dolemite99 the Cleaver (Demonspawn Fighter)         Turns: 7763, Time: 00:06:39

Health: -11/58     AC: 12    Str: 18    XL:     8   Next: 43%
Magic:  17/17      EV:  4    Int: 11    God:    Gozag
Gold:   474        SH:  4    Dex: 12    Spells: 7/7 levels left

rFire   . . .      SeeInvis .   a - +2 war axe
rCold   + . .      Faith    .   c - +0 buckler
rNeg    . . .      Spirit   .   d - +0 plate armour
rPois   .          Reflect  .   (no helmet)
rElec   .          Harm     .   (no cloak)
rCorr   .          Rampage  .   t - +0 pair of gloves
Will    .....                   (no boots)
Stlth   ..........              (no amulet)
HPRegen 0.19/turn               k - ring of protection from cold
MPRegen 0.15/turn               u - ring of magical power

@: hasted, very quick
A: hooves 2, demonic guardian 2
a: Renounce Religion, Potion Petition, Call Merchant, Bribe Branch


You were on level 6 of the Dungeon.
You worshipped Gozag.
Gozag was aware of your devotion.
You visited 1 branch of the dungeon, and saw 7 of its levels.

You collected 914 gold pieces.
You paid 440 gold pieces to Gozag.

Inventory:

Hand Weapons
 a - a +2 war axe (weapon)
 j - a +3 mace
 m - a +0 dagger of venom
 x - a +0 morningstar
Missiles
 e - 9 poisoned darts
 f - 129 stones
 s - 6 boomerangs (quivered)
 w - 2 throwing nets
Armour
 b - a +0 scale mail
 c - a +0 buckler (worn)
 d - a +0 plate armour (worn)
 h - a +0 pair of gloves
 r - a scarf of invisibility
 t - a +0 pair of gloves (worn)
Magical Staves
 l - a staff of earth
Jewellery
 k - a ring of protection from cold (left hand)
 n - a ring of wizardry
 u - a ring of magical power (right hand)
Wands
 v - a wand of acid (15)
 y - a wand of mindburst (4)
Scrolls
 i - a scroll of blinking
 o - a scroll of fear
 p - 2 scrolls of amnesia
 q - 3 scrolls of identify {@r1}
Potions
 g - 5 potions of curing


   Skills:
 - Level 3.0 Fighting
 + Level 9.8 Axes
 - Level 2.6 Armour
 - Level 2.6 Shields


You had 7 spell levels left.
You didn't know any spells.
Your spell library contained the following spells:

 Spells                   Type           Power      Damage    Failure   Level
 Freeze                   Ice            0%         1d3       100%        1
 Ensorcelled Hibernation  Hex/Ice        0%         N/A       100%        2
 Passwall                 Tmut/Erth      0%         N/A       100%        2
 Swiftness                Air            0%         N/A       100%        3


Dungeon Overview and Level Annotations

Branches:
Dungeon (7/15)             Temple (0/1) D:4

Altars:
Dithmenos
Gozag
Nemelex Xobeh
Okawaru
Xom

Shops:
D:5 :


Innate Abilities, Weirdness & Mutations

You have hoof-like feet.
A demonic guardian rushes to your aid.


Message History

Press: ? - help, Q - select action, (/) - cycle Shift-Dir - straight line, f/p - ogre
Aim: an ogre, wielding a +0 giant spiked club (lightly wounded, 73% to hit)
You throw a boomerang.
The boomerang hits the ogre but does no damage.
The ogre is lightly wounded.
Throw: 6 boomerangs
Press: ? - help, Q - select action, (/) - cycle Shift-Dir - straight line, f/p - ogre
Aim: an ogre, wielding a +0 giant spiked club (lightly wounded, 73% to hit)
You throw a boomerang. The boomerang barely misses the ogre.
Throw: 6 boomerangs
Press: ? - help, Q - select action, (/) - cycle Shift-Dir - straight line, f/p - ogre
Aim: an ogre, wielding a +0 giant spiked club (lightly wounded, 73% to hit)
You throw a boomerang. The boomerang hits the ogre.
The ogre is moderately wounded.
The ogre hits you with a +0 giant spiked club!
You barely miss the ogre.
The ogre is moderately wounded.
The ogre hits you with a +0 giant spiked club!!
You slash the ogre! You kick the ogre.
The ogre is almost dead.
You barely miss the ogre. Your kick misses the ogre.
The ogre is almost dead.
The ogre completely misses you.
You hit the ogre but do no damage.
The ogre is almost dead.
The ogre hits you with a +0 giant spiked club!
* * * LOW HITPOINT WARNING * * *
[a] - 324 gold - brilliance and magic [b] - 240 gold - haste [c] - 725 gold - lignification, might, resistance and invisibility Purchase which effect?
You don't have enough gold for that! [a] - 324 gold - brilliance and magic [b] - 240 gold - haste [c] - 725 gold - lignification, might, resistance and invisibility Purchase which effect?
You feel yourself speed up.
The ogre hits you with a +0 giant spiked club!!
You die...
Your body crumbles into a pile of gold.

... ..# ...##
..... $ ....#
#....# ###O....#
. #. ##.@.....#
.> #. #..#######
...#.##.########
......#........>
#.............
#..#..........
#..#..........
#..#..........
#..#..........


You could see an ogre.

Vanquished Creatures
  An orc warrior (D:6)
  An ice beast (D:6)
  A centaur (D:5)
  A kobold brigand (D:6)
  2 phantoms
  Blork the orc (D:4)
  2 scorpions (D:4)
  4 crimson imps (D:4)
  2 hounds
  3 orc priests
  An iguana (D:5)
  A gnoll (D:3)
  9 adders
  6 worms
  4 dart slugs
  14 orcs
  9 ball pythons
  10 endoplasms
  4 giant cockroaches
  4 goblins
  3 hobgoblins
  2 jackals (D:1)
  6 quokkas
  12 bats
  6 frilled lizards
  13 kobolds
  3 rats
125 creatures vanquished.

Vanquished Creatures (collateral kills)
  A steam dragon (D:5)
  An iguana (D:5)
  2 gnolls (D:4)
  An adder (D:5)
5 creatures vanquished.

Vanquished Creatures (others)
  An orc wizard (D:5)
  A fungus (D:2)
  2 plants (D:2)
4 creatures vanquished.

Grand Total: 134 creatures vanquished

Notes
Turn   | Place    | Note
-------+----------+-------------------------------------------
     0 | D:1      | dolemite99 the Demonspawn Fighter began the quest for the
                  | Orb.
     0 | D:1      | Reached XP level 1. HP: 18/18 MP: 1/1
    49 | D:1      | Reached skill level 2 in Axes
   156 | D:1      | Gained mutation: You have large cloven feet. [demonic
                  | ancestry]
   156 | D:1      | Reached XP level 2. HP: 12/24 MP: 2/2
   526 | D:1      | Reached skill level 3 in Axes
   775 | D:2      | Gained mutation: You have hoof-like feet. [demonic
                  | ancestry]
   775 | D:2      | Reached XP level 3. HP: 13/29 MP: 3/3
  1299 | D:2      | Found a faded altar of an unknown god.
  1307 | D:2      | Got Plato's Papyrus of the Snowflakes
  1310 | D:2      | Prayed at the altar of an unknown god.
  1310 | D:2      | Became a worshipper of Gozag Ym Sagoz the Greedy
  1924 | D:3      | Reached XP level 4. HP: 32/35 MP: 4/4
  1925 | D:3      | Reached skill level 4 in Axes
  2428 | D:3      | Found a sparkling altar of Nemelex Xobeh.
  3070 | D:3      | Gained mutation: A weak demonic guardian rushes to your
                  | aid. [demonic ancestry]
  3070 | D:3      | Reached XP level 5. HP: 34/41 MP: 5/5
  3228 | D:3      | Found a shadowy altar of Dithmenos.
  3437 | D:4      | Reached skill level 5 in Axes
  4250 | D:4      | Found a shimmering altar of Xom.
  4270 | D:4      | Reached XP level 6. HP: 31/47 MP: 6/6
  4277 | D:4      | Reached skill level 6 in Axes
  4962 | D:4      | Noticed Blork the orc
  4984 | D:4      | HP: 1/47 [Blork the orc/puff of flame (3)]
  4986 | D:4      | Killed Blork the orc
  5636 | D:4      | Reached skill level 7 in Axes
  5636 | D:4      | Gained mutation: A demonic guardian rushes to your aid.
                  | [demonic ancestry]
  5636 | D:4      | Reached XP level 7. HP: 49/52 MP: 7/7
  5728 | D:4      | Found a staircase to the Ecumenical Temple.
  6609 | D:5      | Entered Level 5 of the Dungeon
  6664 | D:5      | Reached skill level 8 in Axes
  7018 | D:5      | Noticed a steam dragon
  7019 | D:5      | Killed a steam dragon
  7061 | D:5      | Found an iron altar of Okawaru.
  7063 | D:5      | Found Xuighopn's Book Shop.
  7063 | D:5      | You fall into a shaft and drop 2 floors!
  7242 | D:7      | Reached XP level 8. HP: 54/58 MP: 8/8
  7441 | D:6      | Reached skill level 9 in Axes
  7763 | D:6      | Mangled by an ogre

Illustrated notes

Levels and vault maps discovered:
D:1:      amcnicky_arrival_flooded_fountain, layout_rooms
D:2:      layout_basic, shapermc_ecumenical_altar_rom_forum, minmay_quantized
D:3:      kennysheep_six_static_rooms, layout_rooms,
          mainiacjoe_overflow_small_starburst,
          grunt_dithmenos_smoke_and_mirrors, hex_intersection, st_stairs_3
D:4:      layout_gridville, led_xom_imps, minmay_temple_entry_mini_moons,
          minmay_unequal, uniq_blork_the_orc
D:5:      minmay_bubble_buster, layout_basic, okawaru_ov_weapons_minmay,
          serial_shops, shop, uniq_pikel
D:6:      layout_rooms, ebering_ghost_sewer_f, kennysheep_small_spiral,
          wad_floor_pattern_untrapped, minmay_quadrilaterals
D:7:      layout_loops_ring

Skill      XL: |  1  2  3  4  5  6  7  8 |
---------------+-------------------------+-----
Axes           | 2 3 4 5 7 8 9 |  9.8
Fighting       | |  3.0
Armour         | |  2.6
Shields        | |  2.6

Action                   |  1- 3 |  4- 6 |  7- 9 || total
-------------------------+-------+-------+-------++-------
Melee: War axe           |   111 |   156 |    75 ||   342
       Kick              |    15 |    34 |    16 ||    65
Throw: Stone             |    13 |    28 |     1 ||    42
       Boomerang         |       |       |    19 ||    19
Invok: Potion Petition   |       |     1 |     1 ||     2
  Use: Scroll            |     6 |     3 |       ||     9
       Potion            |       |       |     1 ||     1
 Stab: Distracted        |       |     1 |     1 ||     2
Armor: Scale mail        |    72 |   100 |    20 ||   192
       Plate armour      |       |       |     7 ||     7
Dodge: Dodged            |    77 |    81 |    31 ||   189
Block: Buckler           |    39 |    49 |    12 ||   100

Table legend: (Time is in decaauts)
 A = Elapsed time spent in this place.
 B = Non-inter-level travel time spent in this place.
 C = Inter-level travel time spent in this place.
 D = Time resting spent in this place.
 E = Time spent auto-exploring this place.
 F = Levels seen in this place.
 G = Mean time per level.
                   A        B        C        D        E       F      G
               +--------+--------+--------+--------+--------+-----+--------+
         Total |   7883 |   7780 |    103 |   3879 |   2393 |   7 | 1126.1 |
       Dungeon |   7883 |   7780 |    103 |   3879 |   2393 |   7 | 1126.1 |
               +--------+--------+--------+--------+--------+-----+--------+

Top non-repeatable levels by time:
     D:4: 3125 daAuts
     D:3: 1632 daAuts
     D:2: 1233 daAuts
     D:1: 730 daAuts
     D:5: 457 daAuts
     D:6: 364 daAuts
     D:7: 339 daAuts
